 Dungeon Crawl Stone Soup version 0.22-b1-21-g5cfc1688f2 (webtiles) character file.

91 Pisosu the Firebug (level 4, -5/24 HPs)
             Began as a Deep Elf Fire Elementalist on Aug 7, 2018.
             Killed from afar by an orc wizard (10 damage)
             ... with a puff of frost
             ... on level 3 of the Dungeon.
             The game lasted 00:05:42 (1949 turns).

Pisosu the Firebug (Deep Elf Fire Elementalist)     Turns: 1949, Time: 00:05:42

Health: -5/24      AC:  2    Str:  5    XL:     4   Next: 34%
Magic:  1/12       EV: 13    Int: 21    God:
Gold:   122        SH:  0    Dex: 15    Spells: 8/11 levels left

rFire    . . .     SeeInvis .   (no weapon)
rCold    . . .     Gourm    .   (no shield)
rNeg     . . .     Faith    .   a - +0 robe
rPois    .         Spirit   .   (no helmet)
rElec    .         Reflect  .   (no cloak)
rCorr    .         Harm     .   (no gloves)
MR       .....                  (no boots)
Stlth    ++........             (no amulet)
HPRegen  0.08/turn              (no ring)
MPRegen  0.13/turn              (no ring)

@: no status effects
A: no striking features
a: no special abilities


You were on level 3 of the Dungeon.
You were very hungry.

You visited 1 branch of the dungeon, and saw 3 of its levels.

You collected 122 gold pieces.

Inventory:

Armour
 a - a +0 robe (worn)
Jewellery
 e - an uncursed amulet of rage {unknown}
 q - an uncursed amulet of the gourmand {unknown}
Scrolls
 b - 3 scrolls of remove curse {unknown}
 d - 2 scrolls of fog {unknown}
 g - a scroll of fear {unknown}
 i - a scroll of enchant weapon {unknown}
 j - 3 scrolls of blinking {unknown}
 n - 2 scrolls of identify {unknown}
 o - 2 scrolls of teleportation {unknown}
 p - a scroll of amnesia {unknown}
 r - 2 scrolls of enchant armour {unknown}
Potions
 f - 4 potions of heal wounds {unknown}
 h - a potion of degeneration {unknown}
 k - a potion of curing {unknown}
 l - a potion of brilliance {unknown}
 m - a potion of ambrosia {unknown}
 s - 2 potions of magic {unknown}
Comestibles
 c - 4 rations


   Skills:
 - Level 2.4 Dodging
 + Level 2.9 Stealth
 + Level 4.2 Spellcasting
 + Level 2.3 Conjurations
 + Level 4.3 Fire Magic


You had 8 spell levels left.
You knew the following spells:

 Your Spells              Type           Power        Failure   Level  Hunger
a - Flame Tongue          Conj/Fire      ###..        3%          1    None
b - Throw Flame           Conj/Fire      ###...       4%          2    #......

Your spell library contained the following spells:

 Spells                   Type           Power        Failure   Level  Hunger
 Fireball                 Conj/Fire      ###.......   63%         5    ######.
 Conjure Flame            Conj/Fire      ###.....     9%          3    ##.....
 Sticky Flame             Conj/Fire      ###.....     30%         4    ####...
 Inner Flame              Hex/Fire       ##......     14%         3    ##.....


Dungeon Overview and Level Annotations

Branches:
Dungeon (3/15)

Altars:
Kikubaaqudgha
Ru
Uskayaw
Xom
Yredelemnul


Message History

Aiming: Flame Tongue (safe; 3% risk of failure)
Press: ? - help, Shift-Dir - straight line, f/p - orc wizard
Aim: an orc wizard, wielding a dagger and wearing a robe (severely wounded)
The flame tongue misses the orc wizard.
The orc wizard mumbles some strange words.
The orc wizard flickers and vanishes!
Deactivating autopickup; reactivate with Ctrl-A.
The orc priest invokes the aid of Beogh against you.
Beogh smites you!
Ouch! That really hurt!
* * * LOW HITPOINT WARNING * * *
A puff of flame appears from out of thin air!
The puff of flame misses you.
You hear some strange, mumbled words.
You see here a stone.
A puff of flame appears from out of thin air!
The puff of flame misses you.
A puff of frost appears from out of thin air!
The puff of frost hits you!
You die...

#####.# .#..#.# ##.#.#.## _#.<#.#
.......# .#.##.# ###.#.......#
.#....#....#<........#
......#.##...........## #
......+....##.##........
......#.##.#...#.##.##.# ..#
......#.#.....(.@#...#.# ...
......#.#..#...#.......# ..#
......#.#..##..(.....#.##..###
..................#(##........
......#.#.##.#.......)..#..######
......#...#........##............
......#.........#..o#............
......#...#...#..................
......#...##.##.#...#............


You could see an orc.

Vanquished Creatures
  Terence (D:2)
  An adder (D:2)
  A worm (D:3)
  A dart slug (D:1)
  2 leopard geckos
  An orc (D:3)
  4 giant cockroaches
  7 goblins
  2 hobgoblins (D:1)
  4 jackals (D:1)
  A quokka (D:2)
  7 bats
  4 frilled lizards
  8 kobolds
  5 rats
49 creatures vanquished.

Notes
Turn   | Place    | Note
-------+----------+-------------------------------------------
     0 | D:1      | Pisosu the Deep Elf Fire Elementalist began the quest for the Orb.
     0 | D:1      | Reached XP level 1. HP: 10/10 MP: 6/6
   182 | D:1      | Reached XP level 2. HP: 15/15 MP: 2/8
   345 | D:1      | Found a glowing golden altar of the Shining One.
   348 | D:1      | Found a hide-covered altar of Uskayaw.
   348 | D:1      | Found a sacrificial altar of Ru.
   351 | D:1      | Found a shimmering altar of Xom.
   351 | D:1      | Found a shimmering altar of Xom.
   351 | D:1      | Found an ancient bone altar of Kikubaaqudgha.
   826 | D:2      | Reached XP level 3. HP: 15/19 MP: 2/10
  1176 | D:2      | Noticed Terence
  1192 | D:2      | Killed Terence
  1193 | D:2      | Reached XP level 4. HP: 13/24 MP: 2/12
  1619 | D:3      | Learned a level 2 spell: Throw Flame
  1662 | D:3      | Found a basalt altar of Yredelemnul.
  1949 | D:3      | Killed from afar by an orc wizard

Skill      XL: |  1  2  3 |
---------------+----------+-----
Fire Magic     | 4 |  4.3
Conjurations   | 2 |  2.3
Spellcasting   | 4 |  4.2
Dodging        | |  2.4
Stealth        | |  2.9

Action                   |  1- 3 |  4- 6 || total
-------------------------+-------+-------++-------
Melee: Unarmed           |     2 |     1 ||     3
 Cast: Flame Tongue      |    68 |    10 ||    78
       Throw Flame       |       |    15 ||    15
  Eat: Chunk             |     1 |     1 ||     2
Armor: Robe              |     8 |       ||     8
Dodge: Dodged            |    21 |     7 ||    28
